 Dungeon Crawl Stone Soup version 0.16-a0-3187-geb38783 (webtiles) character file.

115 PolkaDot the Caller (level 4, -6/35 HPs)
             Began as a Vampire Summoner on Dec 17, 2014.
             Mangled by a goliath beetle (26 damage)
             ... on level 3 of the Dungeon.
             The game lasted 00:05:06 (2694 turns).

PolkaDot the Caller (Vampire Summoner)              Turns: 2694, Time: 00:05:07

Health: -6/35      AC:  2    Str:  7    XL:     4   Next: 68%
Magic:  2/9        EV: 12    Int: 18    God:
Gold:   28         SH:  0    Dex: 14    Spells: 3 memorised, 3 levels left

rFire  . . .     SeeInvis +     h - +0 dagger (speed)
rCold  . . .     Clarity  .     a - +0 robe
rNeg   . . .     SustAb   .     (no shield)
rPois  .         Gourm    .     (no helmet)
rElec  .         Spirit   .     (no cloak)
rCorr  .         Warding  .     (no gloves)
rMut   .         Stasis   .     (no boots)
MR     .....                    (no amulet)
Stlth  ++........               (no ring)
                                (no ring)

@: regenerating very quickly, not resistant to hostile enchantments, unstealthy
A: bottle blood, fangs 3, see invisible, unbreathing
a: no special abilities


You were on level 3 of the Dungeon.
You were almost alive.

You visited 1 branch of the dungeon, and saw 3 of its levels.

You collected 28 gold pieces.

Inventory:

Hand weapons
 h - a +0 dagger of speed (weapon)
Armour
 a - a +0 robe (worn)
Scrolls
 c - 3 scrolls of identify {unknown}
 d - 2 scrolls of blinking {unknown}
 f - a scroll of remove curse {unknown}
 g - a scroll of teleportation {unknown}
 i - a scroll of magic mapping {unknown}
 j - a scroll of random uselessness {unknown}
 k - a scroll of fog {unknown}
Potions
 e - a potion of haste {unknown}
 l - a potion of curing {unknown}
Books
 b - a book of Callings

   Spells                             Type                      Level
   a - Summon Small Mammal            Summoning                    1
   b - Call Imp                       Summoning                    2
   c - Call Canine Familiar           Summoning                    3
   d - Summon Guardian Golem          Hexes/Summoning              4
   e - Summon Lightning Spire         Summoning/Air                4
   f - Summon Ice Beast               Ice/Summoning                4


   Skills:
 * Level 3.1 Fighting
 - Level 2.1 Dodging
 - Level 3.0 Stealth
 + Level 3.1 Spellcasting
 - Level 4.0 Summonings


You had 3 spell levels left.
You knew the following spells:

 Your Spells              Type           Power        Failure   Level  Hunger
d - Call Canine Familiar  Summ           ###.....     12%         3    ###....
s - Call Imp              Summ           ###.....     6%          2    ##.....
z - Summon Small Mammal   Summ           ###.         3%          1    None


Dungeon Overview and Level Annotations

Branches:
Dungeon (3/15)

Altars:
Elyvilon
Okawaru
Trog


Innate Abilities, Weirdness & Mutations

Your natural rate of healing is extremely fast.
You can bottle blood from corpses.
You have razor-sharp teeth.
You have supernaturally acute eyesight.
You can survive without breathing.


Message History

You see here a leather armour.
You swap places.
The orc hits your white imp but does no damage.
A goliath beetle comes into view.
The orc hits your white imp but does no damage.
Your white imp barely misses the orc.
You hit the orc.
You kill the orc!
What do you say? t - Shout!
Orders for allies: a - Attack new target. r - Retreat! s - Stop attacking. w - Wait here. f - Follow me.
Anything else - Stay silent.
Follow me!
You swap places.
The goliath beetle barely misses your hound.
You swap places.
The goliath beetle bites you!!
Ouch! That really hurt!
You die...

###............#
........$####.<#
###..##..).....#
#.......####.#
##.##..##
####.##.รท#
#.....)[.#
#.##.##55#
#.....B@5#
#..#.##h.# #.
#......# .
#..##..# #..
#... #. #..## #.
...# # ..## ..#


You could see a goliath beetle, a friendly hound and 3 friendly white imps.

Vanquished Creatures
  3 adders
  An ooze (D:2)
  An orc (D:3)
  2 ball pythons
  2 giant cockroaches
  6 hobgoblins
  A jackal (D:2)
  7 bats
  3 giant newts
  4 goblins
  5 kobolds
  8 rats
43 creatures vanquished.

Vanquished Creatures (collateral kills)
  An orc wizard (D:3)
  Terence (D:2)
  2 adders (D:2)
  A worm (D:2)
  2 orcs (D:3)
  2 bats (D:1)
  2 kobolds
  A giant cockroach (D:1)
  A rat (D:1)
13 creatures vanquished.

Grand Total: 56 creatures vanquished

Notes
Turn   | Place    | Note
--------------------------------------------------------------
     0 | D:1      | PolkaDot, the Vampire Summoner, began the quest for the Orb.
     0 | D:1      | Reached XP level 1. HP: 13/13 MP: 3/3
   175 | D:1      | Reached skill level 1 in Fighting
   396 | D:1      | Reached XP level 2. HP: 15/21 MP: 4/4
   400 | D:1      | Learned a level 2 spell: Call Imp
  1166 | D:2      | Reached XP level 3. HP: 20/27 MP: 6/6
  1203 | D:2      | Learned a level 3 spell: Call Canine Familiar
  1461 | D:2      | Noticed Terence
  1463 | D:2      | Found an iron altar of Okawaru.
  1463 | D:2      | Found a bloodstained altar of Trog.
  1476 | D:2      | Killed Terence
  1907 | D:2      | Reached XP level 4. HP: 30/34 MP: 8/8
  2142 | D:2      | Found a white marble altar of Elyvilon.
  2694 | D:3      | Mangled by a goliath beetle

Action                   |  1- 3 |  4- 6 || total
-------------------------+-------+-------++-------
Melee: Dagger            |   140 |    62 ||   202
       Unarmed           |    10 |       ||    10
 Cast: Summon Small Mamm |     5 |       ||     5
       Call Imp          |     4 |     6 ||    10
       Call Canine Famil |     2 |     4 ||     6
  Use: Potion            |     3 |       ||     3
 Stab: Sleeping          |     8 |     1 ||     9
  Eat: Corpse            |     9 |     6 ||    15
